 Dungeon Crawl Stone Soup version 0.28.0-43-g3370ac3207 (webtiles) character file.

Game seed: 2438282394316908713

366 terff the Covered (level 6, -5/53 HPs)
             Began as a Minotaur Fighter on Apr 1, 2022.
             Slain by Edmund
             ... wielding a +4 dire flail of protection
              (12 damage)
             ... on level 4 of the Dungeon.
             The game lasted 00:04:06 (2627 turns).

terff the Covered (Minotaur Fighter)                Turns: 2627, Time: 00:04:07

Health: -5/53      AC:  8    Str: 26    XL:     6   Next: 40%
Magic:  5/5        EV: 10    Int:  5    God:
Gold:   104        SH:  5    Dex: 12    Spells: 5/5 levels left

rFire   . . .      SeeInvis .   a - +0 war axe (drain)
rCold   . . .      Faith    .   c - +0 buckler
rNeg    . . .      Spirit   .   b - +0 scale mail
rPois   .          Reflect  .   (helmet restricted)
rElec   .          Harm     .   (no cloak)
rCorr   .          Rampage  .   (no gloves)
Will    .....                   e - +0 pair of boots
Stlth   ..........              (no amulet)
HPRegen 0.17/turn               f - +6 ring of strength
MPRegen 0.09/turn               (no ring)

@: no status effects
A: horns 2, retaliatory headbutt
a: no special abilities


You were on level 4 of the Dungeon.
You visited 1 branch of the dungeon, and saw 4 of its levels.

You collected 104 gold pieces.

Inventory:

Hand Weapons
 a - a +0 war axe of draining (weapon)
Armour
 b - a +0 scale mail (worn)
 c - a +0 buckler (worn)
 e - a +0 pair of boots (worn)
Jewellery
 f - a +6 ring of strength (left hand)
Wands
 j - a wand of acid (7)
Scrolls
 i - 2 scrolls of identify
 k - a scroll of teleportation {unknown}
 l - a scroll of enchant armour {unknown}
Potions
 d - a potion of might
 g - a potion of resistance
 h - 2 potions of curing {unknown}


   Skills:
 + Level 4.6 Fighting
 + Level 5.3 Axes
 + Level 6.0 Armour
 + Level 1.0 Dodging
 + Level 0.1 Stealth
 + Level 4.2 Shields


You had 5 spell levels left.
You didn't know any spells.
Your spell library was empty.

Dungeon Overview and Level Annotations

Branches:
Dungeon (4/15)
 Temple: D:4-7

Altars:
Uskayaw
Wu Jian

Shops:
D:1 (   D:2 :

Annotations:
D:4 Edmund


Innate Abilities, Weirdness & Mutations

You have a pair of horns on your head.
You reflexively headbutt those who attack you in melee.


Message History

You barely miss the adder.
You hear the rusting of a distant drain.
The adder bites you but does no damage.
Edmund hits you with a +4 dire flail of protection.
The adder bites you.
You hit Edmund but do no damage.
Edmund is lightly wounded.
You slash the adder!
You kill the adder!
Edmund barely misses you.
Edmund hits you with a +4 dire flail of protection!
You slash Edmund! You headbutt Edmund.
Edmund is moderately wounded.
You block Edmund's attack.
You hit Edmund but do no damage.
Edmund is moderately wounded.
Edmund hits you but does no damage.
You slash Edmund!
Edmund is heavily wounded.
You block Edmund's attack.
You hit Edmund but do no damage. You drain Edmund.
Edmund is heavily wounded.
You block Edmund's attack. Edmund misses you. You furiously retaliate!
You headbutt Edmund. You hit Edmund but do no damage. You drain Edmund.
Edmund is severely wounded.
Edmund barely misses you.
You hit Edmund. Your headbutt misses Edmund.
Edmund is severely wounded.
Edmund hits you with a +4 dire flail of protection!
* * * LOW HITPOINT WARNING * * *
You closely miss Edmund. You headbutt Edmund, but do no damage.
Edmund is severely wounded.
You block Edmund's attack.
Edmund hits you with a +4 dire flail of protection!
* * * LOW HITPOINT WARNING * * *
You slash Edmund!
Edmund is almost dead.
Edmund hits you with a +4 dire flail of protection!
You die...

.....#...#....<..#
.....#...'.......#
.....#####.......+
.................######
......................#
..................#
..................#
..................+
............@†....#
......####+##@......
...... ....... ......
....... .(.. .......
... ......$ .....##
.....#


You could see Edmund (drained).

Vanquished Creatures
  A water moccasin (D:3)
  A scorpion (D:4)
  A water moccasin skeleton (D:4)
  An iguana (D:3)
  An orc wizard (D:4)
  3 adders
  3 worms
  A dart slug (D:1)
  5 orcs
  10 ball pythons
  5 bats
  6 endoplasms
  3 giant cockroaches
  6 goblins
  4 hobgoblins
  8 kobolds
  3 quokkas
  4 frilled lizards
66 creatures vanquished.

Notes
Turn   | Place    | Note
-------+----------+-------------------------------------------
     0 | D:1      | terff the Minotaur Fighter began the quest for the Orb.
     0 | D:1      | Reached XP level 1. HP: 19/19 MP: 0/0
     2 | D:1      | Noticed a draconian
     4 | D:1      | Noticed an octopode
     4 | D:1      | Noticed a spriggan
     6 | D:1      | Noticed a vampire
     8 | D:1      | Noticed a felid
     8 | D:1      | Noticed a dwarf
    10 | D:1      | Noticed a merfolk
    12 | D:1      | Noticed a formicid
    12 | D:1      | Noticed a tengu
    14 | D:1      | Noticed a minotaur
    14 | D:1      | Noticed a troll
    16 | D:1      | Noticed a demonspawn
    18 | D:1      | Noticed a gargoyle
    18 | D:1      | Noticed a human
    20 | D:1      | Noticed a demigod
    20 | D:1      | Noticed a vine stalker
    22 | D:1      | Noticed an ogre
    24 | D:1      | Noticed a naga
    24 | D:1      | Noticed a ghoul
    26 | D:1      | Noticed an elf
   241 | D:1      | Found Nextat's Weapon Shoppe.
   349 | D:1      | Reached XP level 2. HP: 27/27 MP: 1/1
   500 | D:1      | Found a faded altar of an unknown god.
   611 | D:1      | Reached skill level 4 in Armour
   972 | D:2      | Reached XP level 3. HP: 33/33 MP: 2/2
   979 | D:2      | Found an ornate altar of the Wu Jian Council.
  1394 | D:2      | Found Fioth's Book Boutique.
  1459 | D:3      | Reached XP level 4. HP: 24/40 MP: 3/3
  1646 | D:3      | Noticed a water moccasin
  1654 | D:3      | Killed a water moccasin
  1655 | D:3      | Reached skill level 5 in Armour
  1655 | D:3      | Reached XP level 5. HP: 18/47 MP: 4/4
  2330 | D:4      | Found a hide-covered altar of Uskayaw.
  2450 | D:4      | Reached skill level 5 in Axes
  2450 | D:4      | Reached XP level 6. HP: 49/53 MP: 5/5
  2511 | D:4      | Reached skill level 1 in Dodging
  2600 | D:4      | Reached skill level 6 in Armour
  2612 | D:4      | Noticed Edmund
  2627 | D:4      | Slain by Edmund

Illustrated notes

Levels and vault maps discovered:
D:1:      kb_arrival_jail, layout_basic, ebering_ecumenical_altar_abandoned,
          serial_shops, nicolae_shop_bloodbath_and_beyond, minmay_distorted
D:2:      layout_basic, basic_altar, serial_shops, nicolae_shop_statue_plus
D:3:      layout_loops_ring, st_stairs_11, nrook_campfire
D:4:      layout_gridville, mainiacjoe_overflow_catwalk, portal_sewer_entry_d,
          uniq_grinder, uniq_edmund

Skill      XL: |  1  2  3  4  5  6 |
---------------+-------------------+-----
Armour         | 4 5 6 |  6.0
Shields        | 4 |  4.2
Fighting       | 4 |  4.6
Axes           | 3 4 5 |  5.3
Dodging        | 1 |  1.0
Stealth        | |  0.1

Action                   |  1- 3 |  4- 6 || total
-------------------------+-------+-------++-------
Melee: War axe           |    74 |    72 ||   146
       Headbutt          |     5 |    10 ||    15
  Use: Scroll            |     2 |     2 ||     4
Armor: Scale mail        |    48 |    34 ||    82
Dodge: Dodged            |    45 |    26 ||    71
Block: Buckler           |    15 |    19 ||    34
